 Dungeon Crawl Stone Soup version 0.30-a0-1116-gebefce21f7 (webtiles) character file.

Game seed: 18429321068525903361

226 NinjaNoafa the Trooper (level 5, 0/47 HPs)
             Began as a Minotaur Hunter on Apr 21, 2023.
             Succumbed to a scorpion's poison
             ... on level 4 of the Dungeon.
             The game lasted 00:03:09 (2178 turns).

NinjaNoafa the Trooper (Minotaur Hunter)            Turns: 2178, Time: 00:03:09

Health: 0/47       AC:  4    Str: 16    XL:     5   Next: 69%
Magic:  10/13      EV: 13    Int:  6    God:
Gold:   156        SH:  0    Dex: 15    Spells: 4/4 levels left

rFire   . . .      SeeInvis .    a - +0 shortbow
rCold   . . .      Faith    .    (shield currently unavailable)
rNeg    . . .      Spirit   .    c - +0 leather armour
rPois   .          Reflect  .    (helmet restricted)
rElec   .          Rampage  .    e - +0 cloak
rCorr   +                        (no gloves)
Will    .....                    (no boots)
Stlth   +                        (no amulet)
HPRegen 0.27/turn                l - ring of resist corrosion
MPRegen 0.13/turn                x - ring of magical power

@: lethally poisoned (0 -> -3), flying
A: horns 2, retaliatory headbutt
a: no special abilities


You were on level 4 of the Dungeon.
You visited 1 branch of the dungeon, and saw 4 of its levels.

You collected 156 gold pieces.

Inventory:

Hand Weapons
 a - a +0 shortbow (weapon)
Missiles
 u - 2 poisoned darts
Armour
 c - a +0 leather armour (worn)
 e - a +0 cloak (worn)
Jewellery
 l - a ring of resist corrosion (left hand)
 x - a ring of magical power (right hand)
Scrolls
 b - 2 scrolls of immolation
 d - 2 scrolls of noise {unknown}
 f - 5 scrolls of identify {unknown}
 g - a scroll of magic mapping {unknown}
 i - 2 scrolls of fog {unknown}
 j - a scroll of fear {unknown}
 k - 2 scrolls of blinking {unknown}
 o - a scroll of silence {unknown}
 p - 4 scrolls of enchant weapon {unknown}
 s - a scroll of brand weapon {unknown}
 v - a scroll of vulnerability {unknown}
 w - a scroll of poison {unknown}
Potions
 h - a potion of flight
 q - a potion of might {unknown}
 r - a potion of mutation {unknown}
 t - a potion of haste {unknown}


   Skills:
 + Level 4.6 Fighting
 - Level 4.3 Ranged Weapons
 - Level 4.0 Armour
 - Level 4.0 Dodging
 - Level 0.7 Stealth


You had 4 spell levels left.
You didn't know any spells.
Your spell library contained the following spells:

 Spells                   Type           Power      Damage    Failure   Level
 Ozocubu's Armour         Ice            0%         N/A       87%         3
 Ozocubu's Refrigeration  Ice            0%         4d7       100%        7


Dungeon Overview and Level Annotations

Branches:
Dungeon (4/15)
 Temple: D:4-7

Altars:
The Shining One

Annotations:
D:2 1 runed translucent door, Crazy Yiuf


Innate Abilities, Weirdness & Mutations

You have a pair of horns on your head.
You reflexively headbutt those who attack you in melee.


Message History

* * * LOW HITPOINT WARNING * * *
You are lethally poisoned!
The scorpion poisons you!
Unknown command.
You shoot an arrow. The arrow hits the scorpion.
The scorpion is almost dead.
* * * LOW HITPOINT WARNING * * *
You feel very sick.
The scorpion stings you but does no damage.
The scorpion barely misses you. You furiously retaliate!
You headbutt the scorpion!
You kill the scorpion!
Training target 4.0 for Armour reached!
Training target 4.0 for Dodging reached!
Your Armour skill increases to level 4!
Your Dodging skill increases to level 4!
You need to enable at least one skill for training.
You are lethally poisoned (6 -> -2).
You are flying.
Your flying speed is average.
Your attack delay is about 1.3.
Your damage rating with your +0 shortbow is about 11 (Base 9 x 112% (Dex) x 116% (Skill)).
Okay, then.
* * * LOW HITPOINT WARNING * * *
You feel sick.
There is a stone staircase leading down here.
You see here a scorpion corpse.
Unknown command.
* * * LOW HITPOINT WARNING * * *
You feel sick.
You fly downwards.
* * * LOW HITPOINT WARNING * * *
You feel sick. The orc barely misses you. You furiously retaliate!
You headbutt the orc!
You kill the orc!
There is a stone staircase leading up here.
Unknown command.
Fire: a) +0 shortbow
Press: ? - help, Q - select action, (/) - cycle Shift-Dir - straight line, f - hobgoblin
Aim: a hobgoblin (63% to hit)
You shoot an arrow. The arrow barely misses the hobgoblin.
You die...

..#. # .#.. #.
..######### #.#
###.#.......# ###
...#...#.......#
....##.#.......=...#
#........#........#
#...###.#.#..)....#
#...†...#...@...#
#.#..#.###.......#
#.#.#.####.######
.s##.#....g.# .g#o
#.######## #. . ..#
# . #.# .. ..#


You could see a hobgoblin.

Vanquished Creatures
  A bullfrog (D:4)
  A scorpion (D:3)
  3 adders
  A dart slug (D:4)
  An orc (D:4)
  6 bats
  4 endoplasms
  3 giant cockroaches
  8 goblins
  6 hobgoblins
  3 jackals (D:3)
  2 quokkas
  9 ball pythons
  A frilled lizard (D:2)
  9 kobolds
  8 rats
66 creatures vanquished.

Vanquished Creatures (others)
  5 plants (D:1)
5 creatures vanquished.

Grand Total: 71 creatures vanquished

Notes
Turn   | Place    | Note
-------+----------+-------------------------------------------
     0 | D:1      | NinjaNoafa the Minotaur Hunter began the quest for the Orb.
     0 | D:1      | Reached XP level 1. HP: 18/18 MP: 0/0
   216 | D:1      | Reached skill level 1 in Armour
   216 | D:1      | Reached XP level 2. HP: 25/25 MP: 1/1
   424 | D:1      | Found a faded altar of an unknown god.
   949 | D:2      | Reached XP level 3. HP: 31/31 MP: 2/2
  1107 | D:2      | Found a runed translucent door.
  1108 | D:2      | Noticed Crazy Yiuf
  1489 | D:3      | Reached XP level 4. HP: 39/39 MP: 3/3
  2120 | D:4      | Noticed a bullfrog
  2129 | D:4      | Killed a bullfrog
  2130 | D:4      | Reached XP level 5. HP: 23/46 MP: 4/4
  2152 | D:4      | Found a glowing golden altar of the Shining One.
  2177 | D:4      | HP: 2/47 [poisoned by a scorpion]
  2178 | D:4      | Succumbed to a scorpion's poison

Illustrated notes

Levels and vault maps discovered:
D:1:      enne_arrival_octagon_isle, layout_loops_cross, basic_ecumenical_altar,
          serial_forest, infiniplex_forest_lined_3,
          infiniplex_forest_clump_small, infiniplex_forest_lined_2,
          infiniplex_forest_clump_small, infiniplex_forest_lined_3,
          infiniplex_forest_clump_double, infiniplex_forest_corner_1,
          infiniplex_forest_lined_2, infiniplex_forest_pool,
          chequers_serial_rivers_large_a, hangedman_glass_teeth
D:2:      layout_rooms, uniq_crazy_yiuf_cottage
D:3:      layout_basic
D:4:      cheibrodos_greedy_goblins, layout_loops_cross, trog_book,
          minmay_ruined_shrine

Skill      XL: |  1  2  3  4  5 |
---------------+----------------+-----
Armour         | 1 2 3 4 |  4.0
Fighting       | 3 4 |  4.6
Dodging        | 3 4 |  4.0
Ranged Weapons | |  4.3
Stealth        | |  0.7

Action                     |  1- 3 |  4- 6 || total
---------------------------+-------+-------++-------
   Fire: Shortbow          |   111 |    46 ||   157
    Use: Potion            |       |     2 ||     2
 Armour: Leather armour    |    10 |     9 ||    19
  Dodge: Dodged            |    20 |    28 ||    48

Table legend: (Time is in decaauts)
 A = Elapsed time spent in this place.
 B = Non-inter-level travel time spent in this place.
 C = Inter-level travel time spent in this place.
 D = Time resting spent in this place.
 E = Time spent auto-exploring this place.
 F = Levels seen in this place.
 G = Mean time per level.
                   A        B        C        D        E       F      G
               +--------+--------+--------+--------+--------+-----+--------+
         Total |   2236 |   2139 |     97 |      0 |   1758 |   4 |  559.0 |
       Dungeon |   2236 |   2139 |     97 |      0 |   1758 |   4 |  559.0 |
               +--------+--------+--------+--------+--------+-----+--------+

Top non-repeatable levels by time:
     D:1: 888 daAuts
     D:3: 664 daAuts
     D:2: 628 daAuts
     D:4: 54 daAuts
